Workbook
Name __xlnm_Print_Area_1: 0
Name __xlnm_Print_Titles_1: 0
Name a: "#ref!"
Name CICLOVIA_3: "#ref!"
Name CICLOVIA_3_2: "#ref!"
Name CICLOVIA_3_4: "#ref!"
Name CICLOVIA_3_5: "#ref!"
Name CP: "#ref!"
Name e: "#ref!"
Name Excel_BuiltIn__FilterDatabase: "#ref!"
Name Excel_BuiltIn_Print_Area_1: "#ref!"
Name Excel_BuiltIn_Print_Area_1_1: "#ref!"
Name Excel_BuiltIn_Print_Area_1_1_1: "#ref!"
Name Excel_BuiltIn_Print_Area_2: "#ref!"
Name Excel_BuiltIn_Print_Area_2_1: "#ref!"
Name Excel_BuiltIn_Print_Area_3: "#ref!"
Name Excel_BuiltIn_Print_Area_3_1: "#ref!"
Name Excel_BuiltIn_Print_Area_3_1_1: "#ref!"
Name Excel_BuiltIn_Print_Area_4: "#ref!"
Name Excel_BuiltIn_Print_Area_4_1: "#ref!"
Name Excel_BuiltIn_Print_Area_5: "#ref!"
Name Excel_BuiltIn_Print_Area_6: "#ref!"
Name Excel_BuiltIn_Print_Area_7: "#ref!"
Name Excel_BuiltIn_Print_Titles_2: "#ref!"
Name Excel_BuiltIn_Print_Titles_2_1: "#ref!"
Name Excel_BuiltIn_Print_Titles_2_1_1: "#ref!"
Name Excel_BuiltIn_Print_Titles_3: "#ref!"
Name Excel_BuiltIn_Print_Titles_3_1: "#ref!"
Name Excel_BuiltIn_Print_Titles_4: "#ref!"
Name Excel_BuiltIn_Print_Titles_5: "#ref!"
Name Excel_BuiltIn_Print_Titles_5_1: "#ref!"
Name Excel_BuiltIn_Print_Titles_6: "#ref!"
Name Excel_BuiltIn_Print_Titles_6_2: "#ref!"
Name Excel_BuiltIn_Print_Titles_6_4: "#ref!"
Name Excel_BuiltIn_Print_Titles_6_5: "#ref!"
Name Excel_BuiltIn_Print_Titles_7: "#ref!"
Name plan6: "#ref!"
Name TESTE: "#ref!"
Name teste2: "#ref!"

Sheet Anexo II A - Planilha Orç
B1: PREFEITURA MUNICIPAL DA ESTÂNCIA BALNEÁRIA DE CARAGUATATUBA
B2: ESTADO DE SÃO PAULO
J3: ANEXO II A
B5: PLANILHA ESTIMATIVA DE QUANTITATIVOS E PREÇOS
B6: OBJETO: INFRAESTRUTURA URBANA DE REPAVIMENTAÇÃO DA RUA FERNANDO COSTA - BAIRRO SUMARÉ
B7: LOCAL: RUA FERNANDO COSTA, SUMARÉ - CARAGUATATUBA/SP
B8: REFERÊNCIA: | D8: SINAPI (02/26); CDHU 201 E SICRO (01/26)
B9: REGIME: | C9: SEM DESONERAÇÃO | I9: DATA: | J9: 46119
B10: BDI PREFEITURA = | D10: ='Anexo II B - BDI'!B25 -> 0.2332
B12: ITEM | C12: FONTE | D12: CÓDIGO | E12: DESCRIÇÃO | F12: UNID | G12: QUANT | H12: PREÇO UNIT S/ BDI | I12: PREÇO UNIT C/ BDI | J12: PREÇO TOTAL | K12: %
B15: 1.0 | C15: =IF(D15<>"",VLOOKUP(D15,Dados!B:C,2,FALSE),"") | E15: CANTEIRO DE OBRAS | J15: =SUBTOTAL(9,J16:J18) -> 14021.32 | K15: =IF(H15="","",IF($J$55=0,"",J15/$J$55))
B16: 1.1 | C16: CDHU | D16: 02.08.020 | E16: =VLOOKUP(D16,Dados!B:G,3,FALSE) -> Placa de identificação para obra | F16: =VLOOKUP(D16,Dados!B:G,4,FALSE) -> M2 | G16: =VLOOKUP(B16,'Anexo II D - Mem de Calculo'!B:K,10,FALSE) -> 6.48 | H16: 889.6 | I16: =TRUNC(H16*(1+$D$10),2) -> 1097.05 | J16: =IFERROR(TRUNC(I16*G16,2),"") -> 7108.88 | K16: =IF(H16="","",IF($J$55=0,"",J16/$J$55)) -> 0.010697783
B17: 1.2 | C17: CDHU | D17: 02.02.130 | E17: =VLOOKUP(D17,Dados!B:G,3,FALSE) -> Locação de container tipo escritório com 1 vaso sanitário, 1 lavatório e 1 ponto para chuveiro - área mínima de 13,80 m² | F17: =VLOOKUP(D17,Dados!B:G,4,FALSE) -> UNMES | G17: =VLOOKUP(B17,'Anexo II D - Mem de Calculo'!B:K,10,FALSE) -> 2 | H17: 1588.66 | I17: =TRUNC(H17*(1+$D$10),2) -> 1959.13 | J17: =IFERROR(TRUNC(I17*G17,2),"") -> 3918.26 | K17: =IF(H17="","",IF($J$55=0,"",J17/$J$55)) -> 0.005896385
B18: 1.3 | C18: CDHU | D18: 02.01.180 | E18: =VLOOKUP(D18,Dados!B:G,3,FALSE) -> Banheiro químico modelo Standard, com manutenção conforme exigências da CETESB | F18: =VLOOKUP(D18,Dados!B:G,4,FALSE) -> UNMES | G18: =VLOOKUP(B18,'Anexo II D - Mem de Calculo'!B:K,10,FALSE) -> 2 | H18: 1213.99 | I18: =TRUNC(H18*(1+$D$10),2) -> 1497.09 | J18: =IFERROR(TRUNC(I18*G18,2),"") -> 2994.18 | K18: =IF(H18="","",IF($J$55=0,"",J18/$J$55)) -> 0.0045057853
B19: 2.0 | C19: =IF(D19<>"",VLOOKUP(D19,Dados!B:C,2,FALSE),"") | E19: SERVIÇOS PRELIMINARES | J19: =SUBTOTAL(9,J20) -> 3260 | K19: =IF(H19="","",IF($J$55=0,"",J19/$J$55))
B20: 2.1 | C20: CDHU | D20: 02.10.060 | E20: =VLOOKUP(D20,Dados!B:G,3,FALSE) -> Locação de vias, calçadas, tanques e lagoas | F20: =VLOOKUP(D20,Dados!B:G,4,FALSE) -> M2 | G20: =VLOOKUP(B20,'Anexo II D - Mem de Calculo'!B:K,10,FALSE) -> 1442.48 | H20: 1.84 | I20: =TRUNC(H20*(1+$D$10),2) -> 2.26 | J20: =IFERROR(TRUNC(I20*G20,2),"") -> 3260 | K20: =IF(H20="","",IF($J$55=0,"",J20/$J$55)) -> 0.0049058039
B21: 3.0 | C21: =IF(D21<>"",VLOOKUP(D21,Dados!B:C,2,FALSE),"") | E21: DEMOLIÇÕES | J21: =SUBTOTAL(9,J22:J26) -> 28293.65 | K21: =IF(H21="","",IF($J$55=0,"",J21/$J$55))
B22: 3.1 | C22: CDHU | D22: 03.06.060 | E22: =VLOOKUP(D22,Dados!B:G,3,FALSE) -> Desmonte (levantamento) mecanizado de pavimento em paralelepípedo ou lajota de concreto, inclusive acomodação do material | F22: =VLOOKUP(D22,Dados!B:G,4,FALSE) -> M2 | G22: =VLOOKUP(B22,'Anexo II D - Mem de Calculo'!B:K,10,FALSE) -> 1442.48 | H22: 12.94 | I22: =TRUNC(H22*(1+$D$10),2) -> 15.95 | J22: =IFERROR(TRUNC(I22*G22,2),"") -> 23007.55 | K22: =IF(H22="","",IF($J$55=0,"",J22/$J$55)) -> 0.034622862
B23: 3.2 | C23: SINAPI | D23: 100974 | E23: =VLOOKUP(D23,Dados!B:G,3,FALSE) -> CARGA, MANOBRA E DESCARGA DE SOLOS E MATERIAIS GRANULARES EM CAMINHÃO BASCULANTE 10 M³ - CARGA COM PÁ CARREGADEIRA (CAÇAMBA DE 1,7 A 2,8 M³ / 128 HP) E DESCARGA LIVRE (UNIDADE: M3). AF_07/2020 | F23: =VLOOKUP(D23,Dados!B:G,4,FALSE) -> M3 | G23: =VLOOKUP(B23,'Anexo II D - Mem de Calculo'!B:K,10,FALSE) -> 153.68 | H23: 8.42 | I23: =TRUNC(H23*(1+$D$10),2) -> 10.38 | J23: =IFERROR(TRUNC(I23*G23,2),"") -> 1595.19 | K23: =IF(H23="","",IF($J$55=0,"",J23/$J$55)) -> 0.0024005182
B24: 3.3 | C24: SINAPI | D24: 95876 | E24: =VLOOKUP(D24,Dados!B:G,3,FALSE) -> TRANSPORTE COM CAMINHÃO BASCULANTE DE 14 M³, EM VIA URBANA PAVIMENTADA, DMT ATÉ 30 KM (UNIDADE: M3XKM). AF_07/2020 | F24: =VLOOKUP(D24,Dados!B:G,4,FALSE) -> M3XKM | G24: =VLOOKUP(B24,'Anexo II D - Mem de Calculo'!B:K,10,FALSE) -> 922.08 | H24: 2.38 | I24: =TRUNC(H24*(1+$D$10),2) -> 2.93 | J24: =IFERROR(TRUNC(I24*G24,2),"") -> 2701.69 | K24: =IF(H24="","",IF($J$55=0,"",J24/$J$55)) -> 0.0040656323
B25: 3.4 | C25: SINAPI | D25: 104796 | E25: =VLOOKUP(D25,Dados!B:G,3,FALSE) -> DEMOLIÇÃO DE GUIAS, SARJETAS OU SARJETÕES, DE FORMA MECANIZADA, SEM REAPROVEITAMENTO. AF_09/2023 | F25: =VLOOKUP(D25,Dados!B:G,4,FALSE) -> M | G25: =VLOOKUP(B25,'Anexo II D - Mem de Calculo'!B:K,10,FALSE) -> 41 | H25: 17.66 | I25: =TRUNC(H25*(1+$D$10),2) -> 21.77 | J25: =IFERROR(TRUNC(I25*G25,2),"") -> 892.57 | K25: =IF(H25="","",IF($J$55=0,"",J25/$J$55)) -> 0.001343182
B26: 3.5 | C26: SINAPI | D26: 104790 | E26: =VLOOKUP(D26,Dados!B:G,3,FALSE) -> DEMOLIÇÃO DE PISO DE CONCRETO SIMPLES, DE FORMA MECANIZADA COM MARTELETE, SEM REAPROVEITAMENTO. AF_09/2023 | F26: =VLOOKUP(D26,Dados!B:G,4,FALSE) -> M3 | G26: =VLOOKUP(B26,'Anexo II D - Mem de Calculo'!B:K,10,FALSE) -> 0.59 | H26: 132.85 | I26: =TRUNC(H26*(1+$D$10),2) -> 163.83 | J26: =IFERROR(TRUNC(I26*G26,2),"") -> 96.65 | K26: =IF(H26="","",IF($J$55=0,"",J26/$J$55)) -> 0.00014544354
B27: 4.0 | C27: =IF(D27<>"",VLOOKUP(D27,Dados!B:C,2,FALSE),"") | E27: PAVIMENTAÇÃO | J27: =SUBTOTAL(9,J28:J41) -> 583799.63 | K27: =IF(H27="","",IF($J$55=0,"",J27/$J$55))
B28: 4.1 | C28: SINAPI | D28: 94273 | E28: =VLOOKUP(D28,Dados!B:G,3,FALSE) -> ASSENTAMENTO DE GUIA (MEIO-FIO) EM TRECHO RETO, CONFECCIONADA EM CONCRETO PRÉ-FABRICADO, DIMENSÕES 100X15X13X30 CM (COMPRIMENTO X BASE INFERIOR X BASE SUPERIOR X ALTURA). AF_01/2024 | F28: =VLOOKUP(D28,Dados!B:G,4,FALSE) -> M | G28: =VLOOKUP(B28,'Anexo II D - Mem de Calculo'!B:K,10,FALSE) -> 50 | H28: 46.33 | I28: =TRUNC(H28*(1+$D$10),2) -> 57.13 | J28: =IFERROR(TRUNC(I28*G28,2),"") -> 2856.5 | K28: =IF(H28="","",IF($J$55=0,"",J28/$J$55)) -> 0.0042985978
B29: 4.2 | C29: SINAPI | D29: 94274 | E29: =VLOOKUP(D29,Dados!B:G,3,FALSE) -> ASSENTAMENTO DE GUIA (MEIO-FIO) EM TRECHO CURVO, CONFECCIONADA EM CONCRETO PRÉ-FABRICADO, DIMENSÕES 100X15X13X30 CM (COMPRIMENTO X BASE INFERIOR X BASE SUPERIOR X ALTURA). AF_01/2024 | F29: =VLOOKUP(D29,Dados!B:G,4,FALSE) -> M | G29: =VLOOKUP(B29,'Anexo II D - Mem de Calculo'!B:K,10,FALSE) -> 44.12 | H29: 50.1 | I29: =TRUNC(H29*(1+$D$10),2) -> 61.78 | J29: =IFERROR(TRUNC(I29*G29,2),"") -> 2725.73 | K29: =IF(H29="","",IF($J$55=0,"",J29/$J$55)) -> 0.0041018089
B30: 4.3 | C30: CDHU | D30: 54.06.170 | E30: =VLOOKUP(D30,Dados!B:G,3,FALSE) -> Sarjeta ou sarjetão moldado no local, tipo PMSP em concreto com fck 25 MPa | F30: =VLOOKUP(D30,Dados!B:G,4,FALSE) -> M3 | G30: =VLOOKUP(B30,'Anexo II D - Mem de Calculo'!B:K,10,FALSE) -> 18.84 | H30: 904.72 | I30: =TRUNC(H30*(1+$D$10),2) -> 1115.7 | J30: =IFERROR(TRUNC(I30*G30,2),"") -> 21019.78 | K30: =IF(H30="","",IF($J$55=0,"",J30/$J$55)) -> 0.03163157
B31: 4.4 | C31: CDHU | D31: 54.01.030 | E31: =VLOOKUP(D31,Dados!B:G,3,FALSE) -> Abertura e preparo de caixa até 40 cm, compactação do subleito mínimo de 95% do PN e transporte até o raio de 1 km | F31: =VLOOKUP(D31,Dados!B:G,4,FALSE) -> M2 | G31: =VLOOKUP(B31,'Anexo II D - Mem de Calculo'!B:K,10,FALSE) -> 1568.25 | H31: 29.48 | I31: =TRUNC(H31*(1+$D$10),2) -> 36.35 | J31: =IFERROR(TRUNC(I31*G31,2),"") -> 57005.88 | K31: =IF(H31="","",IF($J$55=0,"",J31/$J$55)) -> 0.085785174
B32: 4.5 | C32: SINAPI | D32: 101230 | E32: =VLOOKUP(D32,Dados!B:G,3,FALSE) -> ESCAVAÇÃO VERTICAL PARA INFRAESTRUTURA, COM CARGA, DESCARGA E TRANSPORTE DE SOLO DE 1ª CATEGORIA, COM ESCAVADEIRA HIDRÁULICA (CAÇAMBA: 0,8 M³ / 111 HP), FROTA DE 3 CAMINHÕES BASCULANTES DE 14 M³, DMT ATÉ 1 KM E VELOCIDADE MÉDIA14 KM/H. AF_05/2020 | F32: =VLOOKUP(D32,Dados!B:G,4,FALSE) -> M3 | G32: =VLOOKUP(B32,'Anexo II D - Mem de Calculo'!B:K,10,FALSE) -> 392.06 | H32: 12.04 | I32: =TRUNC(H32*(1+$D$10),2) -> 14.84 | J32: =IFERROR(TRUNC(I32*G32,2),"") -> 5818.17 | K32: =IF(H32="","",IF($J$55=0,"",J32/$J$55)) -> 0.0087554605
B33: 4.6 | C33: CDHU | D33: 54.01.050 | E33: =VLOOKUP(D33,Dados!B:G,3,FALSE) -> Compactação do subleito mínimo de 95% do PN | F33: =VLOOKUP(D33,Dados!B:G,4,FALSE) -> M3 | G33: =VLOOKUP(B33,'Anexo II D - Mem de Calculo'!B:K,10,FALSE) -> 784.12 | H33: 21.92 | I33: =TRUNC(H33*(1+$D$10),2) -> 27.03 | J33: =IFERROR(TRUNC(I33*G33,2),"") -> 21194.76 | K33: =IF(H33="","",IF($J$55=0,"",J33/$J$55)) -> 0.031894888
B34: 4.7 | C34: SINAPI | D34: 96399 | E34: =VLOOKUP(D34,Dados!B:G,3,FALSE) -> CONSTRUÇÃO DE BASE E SUB-BASE PARA PAVIMENTAÇÃO DE RACHÃO, COM ESPESSURA DE 40 CM - EXCLUSIVE CARGA E TRANSPORTE. AF_09/2024 | F34: =VLOOKUP(D34,Dados!B:G,4,FALSE) -> M3 | G34: =VLOOKUP(B34,'Anexo II D - Mem de Calculo'!B:K,10,FALSE) -> 627.3 | H34: 99.36 | I34: =TRUNC(H34*(1+$D$10),2) -> 122.53 | J34: =IFERROR(TRUNC(I34*G34,2),"") -> 76863.06 | K34: =IF(H34="","",IF($J$55=0,"",J34/$J$55)) -> 0.11566721
B35: 4.8 | C35: CDHU | D35: 54.01.220 | E35: =VLOOKUP(D35,Dados!B:G,3,FALSE) -> Base de bica corrida | F35: =VLOOKUP(D35,Dados!B:G,4,FALSE) -> M3 | G35: =VLOOKUP(B35,'Anexo II D - Mem de Calculo'!B:K,10,FALSE) -> 235.23 | H35: 231.3 | I35: =TRUNC(H35*(1+$D$10),2) -> 285.23 | J35: =IFERROR(TRUNC(I35*G35,2),"") -> 67094.65 | K35: =IF(H35="","",IF($J$55=0,"",J35/$J$55)) -> 0.10096724
B36: 4.9 | C36: CDHU | D36: 54.03.240 | E36: =VLOOKUP(D36,Dados!B:G,3,FALSE) -> Imprimação betuminosa impermeabilizante | F36: =VLOOKUP(D36,Dados!B:G,4,FALSE) -> M2 | G36: =VLOOKUP(B36,'Anexo II D - Mem de Calculo'!B:K,10,FALSE) -> 1442.48 | H36: 13 | I36: =TRUNC(H36*(1+$D$10),2) -> 16.03 | J36: =IFERROR(TRUNC(I36*G36,2),"") -> 23122.95 | K36: =IF(H36="","",IF($J$55=0,"",J36/$J$55)) -> 0.034796521
B37: 4.10 | C37: CDHU | D37: 54.03.230 | E37: =VLOOKUP(D37,Dados!B:G,3,FALSE) -> Imprimação betuminosa ligante | F37: =VLOOKUP(D37,Dados!B:G,4,FALSE) -> M2 | G37: =VLOOKUP(B37,'Anexo II D - Mem de Calculo'!B:K,10,FALSE) -> 1442.48 | H37: 6.54 | I37: =TRUNC(H37*(1+$D$10),2) -> 8.06 | J37: =IFERROR(TRUNC(I37*G37,2),"") -> 11626.38 | K37: =IF(H37="","",IF($J$55=0,"",J37/$J$55)) -> 0.017495933
B38: 4.11 | C38: CDHU | D38: 54.03.200 | E38: =VLOOKUP(D38,Dados!B:G,3,FALSE) -> Concreto asfáltico usinado a quente - Binder | F38: =VLOOKUP(D38,Dados!B:G,4,FALSE) -> M3 | G38: =VLOOKUP(B38,'Anexo II D - Mem de Calculo'!B:K,10,FALSE) -> 72.12 | H38: 1206.8 | I38: =TRUNC(H38*(1+$D$10),2) -> 1488.22 | J38: =IFERROR(TRUNC(I38*G38,2),"") -> 107330.42 | K38: =IF(H38="","",IF($J$55=0,"",J38/$J$55)) -> 0.16151595
B39: 4.12 | C39: CDHU | D39: 54.03.210 | E39: =VLOOKUP(D39,Dados!B:G,3,FALSE) -> Camada de rolamento em concreto betuminoso usinado quente - CBUQ | F39: =VLOOKUP(D39,Dados!B:G,4,FALSE) -> M3 | G39: =VLOOKUP(B39,'Anexo II D - Mem de Calculo'!B:K,10,FALSE) -> 72.12 | H39: 1539.32 | I39: =TRUNC(H39*(1+$D$10),2) -> 1898.28 | J39: =IFERROR(TRUNC(I39*G39,2),"") -> 136903.95 | K39: =IF(H39="","",IF($J$55=0,"",J39/$J$55)) -> 0.20601961
B40: 4.13 | C40: SINAPI | D40: 100974 | E40: =VLOOKUP(D40,Dados!B:G,3,FALSE) -> CARGA, MANOBRA E DESCARGA DE SOLOS E MATERIAIS GRANULARES EM CAMINHÃO BASCULANTE 10 M³ - CARGA COM PÁ CARREGADEIRA (CAÇAMBA DE 1,7 A 2,8 M³ / 128 HP) E DESCARGA LIVRE (UNIDADE: M3). AF_07/2020 | F40: =VLOOKUP(D40,Dados!B:G,4,FALSE) -> M3 | G40: =VLOOKUP(B40,'Anexo II D - Mem de Calculo'!B:K,10,FALSE) -> 1796.76 | H40: 8.42 | I40: =TRUNC(H40*(1+$D$10),2) -> 10.38 | J40: =IFERROR(TRUNC(I40*G40,2),"") -> 18650.36 | K40: =IF(H40="","",IF($J$55=0,"",J40/$J$55)) -> 0.028065954
B41: 4.14 | C41: SINAPI | D41: 95876 | E41: =VLOOKUP(D41,Dados!B:G,3,FALSE) -> TRANSPORTE COM CAMINHÃO BASCULANTE DE 14 M³, EM VIA URBANA PAVIMENTADA, DMT ATÉ 30 KM (UNIDADE: M3XKM). AF_07/2020 | F41: =VLOOKUP(D41,Dados!B:G,4,FALSE) -> M3XKM | G41: =VLOOKUP(B41,'Anexo II D - Mem de Calculo'!B:K,10,FALSE) -> 10780.56 | H41: 2.38 | I41: =TRUNC(H41*(1+$D$10),2) -> 2.93 | J41: =IFERROR(TRUNC(I41*G41,2),"") -> 31587.04 | K41: =IF(H41="","",IF($J$55=0,"",J41/$J$55)) -> 0.047533688
B42: 5.0 | C42: =IF(D42<>"",VLOOKUP(D42,Dados!B:C,2,FALSE),"") | E42: SINALIZAÇÃO VIÁRIA | J42: =SUBTOTAL(9,J43) -> 2824.12 | K42: =IF(H42="","",IF($J$55=0,"",J42/$J$55))
B43: 5.1 | C43: SICRO | D43: 5214006 | E43: =VLOOKUP(D43,Dados!B:G,3,FALSE) -> Pintura de faixa com termoplástico em alto relevo tipo IV por extrusão - relevo simples sem base | F43: =VLOOKUP(D43,Dados!B:G,4,FALSE) -> m² | G43: =VLOOKUP(B43,'Anexo II D - Mem de Calculo'!B:K,10,FALSE) -> 19.87 | H43: 115.26 | I43: =TRUNC(H43*(1+$D$10),2) -> 142.13 | J43: =IFERROR(TRUNC(I43*G43,2),"") -> 2824.12 | K43: =IF(H43="","",IF($J$55=0,"",J43/$J$55)) -> 0.0042498708
B44: 6.0 | C44: =IF(D44<>"",VLOOKUP(D44,Dados!B:C,2,FALSE),"") | E44: ACESSIBILIDADE | J44: =SUBTOTAL(9,J45:J50) -> 1944.66 | K44: =IF(H44="","",IF($J$55=0,"",J44/$J$55))
B45: 6.1 | C45: CDHU | D45: 06.01.020 | E45: =VLOOKUP(D45,Dados!B:G,3,FALSE) -> Escavação manual em solo de 1ª e 2ª categoria em campo aberto | F45: =VLOOKUP(D45,Dados!B:G,4,FALSE) -> M3 | G45: =VLOOKUP(B45,'Anexo II D - Mem de Calculo'!B:K,10,FALSE) -> 0.5 | H45: 56.78 | I45: =TRUNC(H45*(1+$D$10),2) -> 70.02 | J45: =IFERROR(TRUNC(I45*G45,2),"") -> 35.01 | K45: =IF(H45="","",IF($J$55=0,"",J45/$J$55)) -> 5.2684722e-05
B46: 6.2 | C46: CDHU | D46: 54.01.010 | E46: =VLOOKUP(D46,Dados!B:G,3,FALSE) -> Regularização e compactação mecanizada de superfície, sem controle do proctor normal | F46: =VLOOKUP(D46,Dados!B:G,4,FALSE) -> M2 | G46: =VLOOKUP(B46,'Anexo II D - Mem de Calculo'!B:K,10,FALSE) -> 2.52 | H46: 3.64 | I46: =TRUNC(H46*(1+$D$10),2) -> 4.48 | J46: =IFERROR(TRUNC(I46*G46,2),"") -> 11.28 | K46: =IF(H46="","",IF($J$55=0,"",J46/$J$55)) -> 1.6974683e-05
B47: 6.3 | C47: CDHU | D47: 11.18.040 | E47: =VLOOKUP(D47,Dados!B:G,3,FALSE) -> Lastro de pedra britada | F47: =VLOOKUP(D47,Dados!B:G,4,FALSE) -> M3 | G47: =VLOOKUP(B47,'Anexo II D - Mem de Calculo'!B:K,10,FALSE) -> 0.12 | H47: =VLOOKUP(D47,Dados!B:G,IF($C$9="COM DESONERAÇÃO",5,IF($C$9="SEM DESONERAÇÃO",6,)),FALSE) -> 221.55 | I47: =TRUNC(H47*(1+$D$10),2) -> 273.21 | J47: =IFERROR(TRUNC(I47*G47,2),"") -> 32.78 | K47: =IF(H47="","",IF($J$55=0,"",J47/$J$55)) -> 4.9328912e-05
B48: 6.4 | C48: SINAPI | D48: 97087 | E48: =VLOOKUP(D48,Dados!B:G,3,FALSE) -> CAMADA SEPARADORA PARA EXECUÇÃO DE RADIER, PISO DE CONCRETO OU LAJE SOBRE SOLO, EM LONA PLÁSTICA. AF_09/2021 | F48: =VLOOKUP(D48,Dados!B:G,4,FALSE) -> M2 | G48: =VLOOKUP(B48,'Anexo II D - Mem de Calculo'!B:K,10,FALSE) -> 2.52 | H48: 3.02 | I48: =TRUNC(H48*(1+$D$10),2) -> 3.72 | J48: =IFERROR(TRUNC(I48*G48,2),"") -> 9.37 | K48: =IF(H48="","",IF($J$55=0,"",J48/$J$55)) -> 1.4100424e-05
B49: 6.5 | C49: SINAPI | D49: 94992 | E49: =VLOOKUP(D49,Dados!B:G,3,FALSE) -> EXECUÇÃO DE PASSEIO (CALÇADA) OU PISO DE CONCRETO COM CONCRETO MOLDADO IN LOCO, FEITO EM OBRA, ACABAMENTO CONVENCIONAL, ESPESSURA 6 CM, ARMADO. AF_08/2022 | F49: =VLOOKUP(D49,Dados!B:G,4,FALSE) -> M2 | G49: =VLOOKUP(B49,'Anexo II D - Mem de Calculo'!B:K,10,FALSE) -> 2.52 | H49: 77.51 | I49: =TRUNC(H49*(1+$D$10),2) -> 95.58 | J49: =IFERROR(TRUNC(I49*G49,2),"") -> 240.86 | K49: =IF(H49="","",IF($J$55=0,"",J49/$J$55)) -> 0.00036245765
B50: 6.6 | C50: SINAPI | D50: 105004 | E50: =VLOOKUP(D50,Dados!B:G,3,FALSE) -> RAMPA DE ACESSIBILIDADE EM CONCRETO MOLDADO IN LOCO, EM CALÇADA NOVA COM LARGURA MENOR À 3,00 M, FCK 25MPA, COM PISO PODOTÁTIL. AF_03/2024 | F50: =VLOOKUP(D50,Dados!B:G,4,FALSE) -> M2 | G50: =VLOOKUP(B50,'Anexo II D - Mem de Calculo'!B:K,10,FALSE) -> 9.72 | H50: 134.77 | I50: =TRUNC(H50*(1+$D$10),2) -> 166.19 | J50: =IFERROR(TRUNC(I50*G50,2),"") -> 1615.36 | K50: =IF(H50="","",IF($J$55=0,"",J50/$J$55)) -> 0.002430871
B51: 7.0 | C51: =IF(D51<>"",VLOOKUP(D51,Dados!B:C,2,FALSE),"") | E51: SERVIÇOS PAGOS EXCLUSIVAMENTE COM RECURSOS DA PREFEITURA | J51: =SUBTOTAL(9,J52:J54) -> 30375.64 | K51: =IF(H51="","",IF($J$55=0,"",J51/$J$55))
B52: 7.1 | C52: CDHU | D52: 02.08.020 | E52: =VLOOKUP(D52,Dados!B:G,3,FALSE) -> Placa de identificação para obra | F52: =VLOOKUP(D52,Dados!B:G,4,FALSE) -> M2 | G52: =VLOOKUP(B52,'Anexo II D - Mem de Calculo'!B:K,10,FALSE) -> 24 | H52: 889.6 | I52: =TRUNC(H52*(1+$D$10),2) -> 1097.05 | J52: =IFERROR(TRUNC(I52*G52,2),"") -> 26329.2
B53: 7.2 | C53: SICRO | D53: 4915708 | E53: Limpeza de sarjeta e meio-fio | F53: M | G53: =VLOOKUP(B53,'Anexo II D - Mem de Calculo'!B:K,10,FALSE) -> 420 | H53: 1.05 | I53: =TRUNC(H53*(1+$D$10),2) -> 1.29 | J53: =IFERROR(TRUNC(I53*G53,2),"") -> 541.8
B54: 7.3 | C54: SINAPI | D54: 88629 | E54: ARGAMASSA TRAÇO 1:3 (EM VOLUME DE CIMENTO E AREIA MÉDIA ÚMIDA), PREPARO MANUAL. AF_08/2019 | F54: M3 | G54: =VLOOKUP(B54,'Anexo II D - Mem de Calculo'!B:K,10,FALSE) -> 4.2 | H54: 676.65 | I54: =TRUNC(H54*(1+$D$10),2) -> 834.44 | J54: =IFERROR(TRUNC(I54*G54,2),"") -> 3504.64
H55: TOTAL = | J55: =SUBTOTAL(9,J15:J54) -> 664519.02
E63: ENGº RAFAEL CARVALHO DI FOGGI
E64: MATRÍCULA 29516

Sheet Anexo II B - BDI
D1: PREFEITURA MUNICIPAL DA ESTÂNCIA BALNEÁRIA DE CARAGUATATUBA
D2: ESTADO DE SÃO PAULO
N3: ANEXO II B
B4: QUADRO DE COMPOSIÇÃO DO BDI
B6: ='Anexo II A - Planilha Orç'!B6:K6 -> OBJETO: INFRAESTRUTURA URBANA DE REPAVIMENTAÇÃO DA RUA FERNANDO COSTA - BAIRRO SUMARÉ
B7: ='Anexo II A - Planilha Orç'!B7:K7 -> LOCAL: RUA FERNANDO COSTA, SUMARÉ - CARAGUATATUBA/SP
B8: TOMADOR | E8: PREFEITURA MUNICIPAL DE CARAGUATATUBA
B10: Em atenção ao estabelecido pelo Acórdão 2622/2013 – TCU – Plenário reformamos a orientação e indicamos a utilização dos seguintes parâmetros para taxas de BDI:
B12: Tipo de obra: | F12: Construção de Rodovias e Ferrovias | I12: Obras que se enquadram no tipo escolhido: | Q12: Selecione o CPRB
I13: =IF(F12=S18,S25,IF(F12=S19,S26,IF(F12=S20,S27,IF(F12=S21,S28,IF(F12=S22,S29,IF(F12=S23,S30,"")))))) -> Para o tipo de obra “Construção de Rodovias e Ferrovias” enquadram-se: a construção e recuperação de: auto-estradas, rodovias e outras vias não-urbanas para passagem de veículos, vias férreas de superfície ou subterrâneas (inclusive para metropolitanos), pistas de aeroportos. Esta classe compreende também: a pavimentação de auto-estradas, rodovias e outras vias não-urbanas; construção de pontes, viadutos e túneis; a instalação de barreiras acústicas; a construção de praças de pedágio; a sinalização com pintura em rodovias e aeroportos; a instalação de placas de sinalização de tráfego e semelhantes, conforme classificação 4211-1 do CNAE 2.0. Também enquadram-se a construção, pavimentação e sinalização de vias urbanas, ruas e locais para estacionamento de veículos; a construção de praças e calçadas para pedestres; elevados, passarelas e ciclovias; metrô e VLT. | Q13: Desonerado
Q14: Onerado | S14: Escolha o tipo de obra
B15: Alternativa mais vantajosa para a Administração Pública: | F15: =IF('Anexo II A - Planilha Orç'!C9="SEM DESONERAÇÃO","Onerado","Desonerado") -> Onerado | S15: Construção de edifícios
S16: Construção de edifícios
S17: Escolha o tipo de obra
S18: Construção de edifícios
B19: =IF(F19="OK","BDI ABAIXO PODE SER ACEITO","") -> BDI ABAIXO PODE SER ACEITO | F19: =IF(AD34=FALSE,"",IF(G35="FORA DO LIMITE","VERIFICAR ITENS",IF(G37="FORA DO LIMITE","VERIFICAR ITENS",IF(G39="FORA DO LIMITE","VERIFICAR ITENS",IF(G41="FORA DO LIMITE","VERIFICAR ITENS",IF(G43="FORA DO LIMITE","VERIFICAR ITENS",IF(Z33<W33,"FORA DA FAIXA",IF(Z33>X33,"FORA DA FAIXA","OK")))))))) -> OK | S19: Construção de Rodovias e Ferrovias
S20: Construção de Redes de Abastecimento de Água, Coleta de Esgoto e Construções Correlatas
S21: Construção e Manutenção de Estações e Redes de Distribuição de Energia Elétrica
S22: Obras Portuárias, Marítimas e Fluviais
S23: Fornecimento de Materiais e Equipamentos | X23: Obras que se enquadram no tipo escolhido:
B25: =IF(Z34=FALSE,IF(F12="Escolha o tipo de obra","Escolha o tipo de obra",IF(F15="ONERADO",Z33,IF(F15="DESONERADO",AB33,"Escolha o regime de contribuição"))),"PREENCHER TODOS OS COMPONENTES DO BDI") -> 0.2332 | S25: Para o tipo de obra “Construção de Edifícios” enquadram-se: a construção e reforma de: edifícios, unidades habitacionais, escolas, hospitais, hotéis, restaurantes, armazéns e depósitos, edifícios para uso agropecuário, estações para trens e metropolitanos, estádios esportivos e quadras cobertas, instalações para embarque e desembarque de passageiros (em aeroportos, rodoviárias, portos, etc.), penitenciárias e presídios, a construção de edifícios industriais (fábricas, oficinas, galpões industriais, etc.), conforme classificação 4120-4 do CNAE 2.0. Também enquadram-se pórticos, mirantes e outros edifícios de finalidade turística.
S26: Para o tipo de obra “Construção de Rodovias e Ferrovias” enquadram-se: a construção e recuperação de: auto-estradas, rodovias e outras vias não-urbanas para passagem de veículos, vias férreas de superfície ou subterrâneas (inclusive para metropolitanos), pistas de aeroportos. Esta classe compreende também: a pavimentação de auto-estradas, rodovias e outras vias não-urbanas; construção de pontes, viadutos e túneis; a instalação de barreiras acústicas; a construção de praças de pedágio; a sinalização com pintura em rodovias e aeroportos; a instalação de placas de sinalização de tráfego e semelhantes, conforme classificação 4211-1 do CNAE 2.0. Também enquadram-se a construção, pavimentação e sinalização de vias urbanas, ruas e locais para estacionamento de veículos; a construção de praças e calçadas para pedestres; elevados, passarelas e ciclovias; metrô e VLT.
S27: Para o tipo de obra “Construção de Redes de Abastecimento de Água, Coleta de Esgoto e Construções Correlatas” enquadram-se: a construção de sistemas para o abastecimento de água tratada: reservatórios de distribuição, estações elevatórias de bombeamento, linhas principais de adução de longa e média distância e redes de distribuição de água; a construção de redes de coleta de esgoto, inclusive de interceptores, estações de tratamento de esgoto (ETE), estações de bombeamento de esgoto (EBE); a construção de galerias pluviais (obras de micro e macro drenagem). Esta classe compreende também: as obras de irrigação (canais); a manutenção de redes de abastecimento de água tratada; a manutenção de redes de coleta e de sistemas de tratamento de esgoto, conforme classificação 4222-7 do CNAE 2.0. Enquadra-se ainda a construção de estações de tratamento de água (ETA).
S28: Para o tipo de obra “Construção e Manutenção de Estações e Redes de Distribuição de Energia Elétrica” enquadram-se: a construção de usinas, estações e subestações hidrelétricas, eólicas, nucleares, termoelétricas; a construção de redes de transmissão e distribuição de energia elétrica, inclusive o serviço de eletrificação rural. Esta subclasse compreende também: a construção de redes de eletrificação para ferrovias e metropolitano, conforme classificação 4221-9/02 do CNAE 2.0. Compreende ainda: a manutenção de redes de distribuição de energia elétrica, quando executada por empresa não-produtora ou distribuidora de energia elétrica, conforme classificação 4221-9/03 do CNAE 2.0. Enquadram-se também obras de iluminação pública e a construção de barragens e represas para geração de energia elétrica.
S29: Para o tipo de obra “Portuárias, Marítimas e Fluviais” enquadram-se: as obras marítimas e fluviais, tais como, construção de instalações portuárias; construção de portos e marinas; construção de eclusas e canais de navegação (vias navegáveis); enrocamentos; obras de dragagem; aterro hidráulico; barragens, represas e diques, exceto para energia elétrica; a construção de emissários submarinos; a instalação de cabos submarinos, conforme classificação 4291-0 do CNAE 2.0. Enquadram-se também a construção de piers e outras obras com influência direta de cursos d’água.
S30: Enquadram-se como “Fornecimento de Materiais e Equipamentos”, conforme tabela apresentada no item 1 desta CE, especificamente o fornecimento de materiais e equipamentos relevantes de natureza específica, como é o caso de: - materiais betuminosos para obras rodoviárias; - tubos de ferro fundido ou PVC para obras de abastecimento de água; - elevadores e escadas rolantes para obras aeroportuárias. Comprovada a inviabilidade técnico-econômica de parcelamento do objeto da licitação, os itens de fornecimento de materiais e equipamentos relevantes de natureza específica, que possam ser fornecidos por empresas com especialidades próprias e diversas e que representem percentual significativo do preço global da obra devem apresentar incidência de taxa de BDI reduzida em relação à taxa aplicável aos demais itens da obra.
I32: OBSERVAÇÕES | S32: Escolha o regime de contribuição | W32: Mín | X32: Máx | Z32: Cálculo s/ os 2% | AB32: Cálculo c/ os desonerado
I33: Os percentuais de Impostos a serem adotados devem ser indicados pelo Tomador, conforme legislação vigente. | S33: SEM DESONERAÇÃO | W33: =IF($F$12=$S$18,T35,IF($F$12=$S$19,X35,IF($F$12=$S$20,AB35,IF($F$12=$S$21,T41,IF($F$12=$S$22,X41,IF($F$12=$S$23,AB41)))))) -> 0.196 | X33: =IF($F$12=$S$18,U35,IF($F$12=$S$19,Y35,IF($F$12=$S$20,AC35,IF($F$12=$S$21,U41,IF($F$12=$S$22,Y41,IF($F$12=$S$23,AC41)))))) -> 0.2423 | Y33: =IF(F15="DESONERADO",AB33,IF(F15="SEM DESONERAÇÃO",Z33,"")) | Z33: =TRUNC(ROUND(((1+F35+F37+F39)*(1+F41)*(1+F43))/(1-(F45+F46+F47))-1,4),4) -> 0.2332 | AB33: =TRUNC(ROUND(((1+F35+F37+F39)*(1+F41)*(1+F43))/(1-(F45+F46+F47+F48))-1,4),4) -> 0.2332
B34: Parâmetro | F34: % | G34: Verificação | S34: DESONERADO | W34: Falta preencher algum item do BDI: | Z34: =IF(F15="DESONERADO",OR(F35="",F37="",F39="",F41="",F43="",F45="",F46="",F47="",F48=""),OR(F35="",F37="",F39="",F41="",F43="",F45="",F46="",F47="")) -> FALSE | AA34: =IF(F15="SEM DESONERAÇÃO",AND(F35="",F37="",F39="",F41="",F43="",F45="",F46="",F47="")) -> FALSE | AC34: =IF(F15="SEM DESONERAÇÃO",AND(F35="",F37="",F39="",F41="",F43="",F45="",F46="",F47=""),IF(F15="DESONERADO",AND(F35="",F37="",F39="",F41="",F43="",F45="",F46="",F47="",F48=""),"NULO")) -> NULO | AD34: =OR(B25=Z33,B25=AB33) -> TRUE | SU34: =B19 -> BDI ABAIXO PODE SER ACEITO
B35: Administração Central | F35: 0.0401 | G35: =IF(F12="Escolha o tipo de obra","",IF(F35="","",IF(F35<C36,"FORA DO LIMITE",IF(F35>E36,"FORA DO LIMITE","OK")))) -> OK | S35: Edifícios | T35: 0.2034 | U35: 0.25 | W35: Rodovias | X35: 0.196 | Y35: 0.2423 | AA35: Redes | AB35: 0.2076 | AC35: 0.2644
B36: Mín: | C36: =IF($F$12=$S$18,S36,IF($F$12=$S$19,W36,IF($F$12=$S$20,AA36,IF($F$12=$S$21,S42,IF($F$12=$S$22,W42,IF($F$12=$S$23,AA42,"")))))) -> 0.038 | D36: Máx: | E36: =IF($F$12=$S$18,T36,IF($F$12=$S$19,X36,IF($F$12=$S$20,AB36,IF($F$12=$S$21,T42,IF($F$12=$S$22,X42,IF($F$12=$S$23,AB42,"")))))) -> 0.0467 | Q36: =IF(#REF!="","",#REF!) -> #REF! | S36: 0.03 | T36: 0.055 | W36: 0.038 | X36: 0.0467 | AA36: 0.0343 | AB36: 0.0671 | AH36: 0.2034 | AI36: 0.25
B37: Seguros e Garantias | F37: 0.004 | G37: =IF(F12="Escolha o tipo de obra","",IF(F37="","",IF(F37<C38,"FORA DO LIMITE",IF(F37>E38,"FORA DO LIMITE","OK")))) -> OK | Q37: =TODAY() -> 46121 | S37: 0.008 | T37: 0.01 | W37: 0.0032 | X37: 0.0074 | AA37: 0.0028 | AB37: 0.0075 | AH37: 0.196 | AI37: 0.2423
B38: Mín: | C38: =IF($F$12=$S$18,S37,IF($F$12=$S$19,W37,IF($F$12=$S$20,AA37,IF($F$12=$S$21,S43,IF($F$12=$S$22,W43,IF($F$12=$S$23,AA43,"")))))) -> 0.0032 | D38: Máx: | E38: =IF($F$12=$S$18,T37,IF($F$12=$S$19,X37,IF($F$12=$S$20,AB37,IF($F$12=$S$21,T43,IF($F$12=$S$22,X43,IF($F$12=$S$23,AB43,"")))))) -> 0.0074 | S38: 0.0097 | T38: 0.0127 | W38: 0.005 | X38: 0.0097 | AA38: 0.01 | AB38: 0.0174 | AH38: 0.2076 | AI38: 0.2644
B39: Riscos | F39: 0.0056 | G39: =IF(F12="Escolha o tipo de obra","",IF(F39="","",IF(F39<C40,"FORA DO LIMITE",IF(F39>E40,"FORA DO LIMITE","OK")))) -> OK | I39: Declaro que, conforme a legislação tributária, a base de calculo do ISS corresponde a 100,00% do valor deste tipo de obra, e, sobre esta base, incide ISS com aliquota de 4,00% | S39: 0.0059 | T39: 0.0139 | W39: 0.0102 | X39: 0.0121 | AA39: 0.0094 | AB39: 0.0117 | AH39: 0.24 | AI39: 0.2786
B40: Mín: | C40: =IF($F$12=$S$18,S38,IF($F$12=$S$19,W38,IF($F$12=$S$20,AA38,IF($F$12=$S$21,S44,IF($F$12=$S$22,W44,IF($F$12=$S$23,AA44,"")))))) -> 0.005 | D40: Máx: | E40: =IF($F$12=$S$18,T38,IF($F$12=$S$19,X38,IF($F$12=$S$20,AB38,IF($F$12=$S$21,T44,IF($F$12=$S$22,X44,IF($F$12=$S$23,AB44,"")))))) -> 0.0097 | S40: 0.0616 | T40: 0.0896 | W40: 0.0664 | X40: 0.0869 | AA40: 0.0674 | AB40: 0.094 | AH40: 0.228 | AI40: 0.3095
B41: Despesas Financeiras | F41: 0.0111 | G41: =IF(F12="Escolha o tipo de obra","",IF(F41="","",IF(F41<C42,"FORA DO LIMITE",IF(F41>E42,"FORA DO LIMITE","OK")))) -> OK | S41: Elétrica | T41: 0.24 | U41: 0.2786 | W41: Portos | X41: 0.228 | Y41: 0.3095 | AA41: Equipamentos | AB41: 0.111 | AC41: 0.168 | AH41: 0.111 | AI41: 0.168
B42: Mín: | C42: =IF($F$12=$S$18,S39,IF($F$12=$S$19,W39,IF($F$12=$S$20,AA39,IF($F$12=$S$21,S45,IF($F$12=$S$22,W45,IF($F$12=$S$23,AA45,"")))))) -> 0.0102 | D42: Máx: | E42: =IF($F$12=$S$18,T39,IF($F$12=$S$19,X39,IF($F$12=$S$20,AB39,IF($F$12=$S$21,T45,IF($F$12=$S$22,X45,IF($F$12=$S$23,AB45,"")))))) -> 0.0121 | S42: 0.0529 | T42: 0.0793 | W42: 0.04 | X42: 0.0785 | AA42: 0.015 | AB42: 0.0449
B43: Lucro | F43: 0.073 | G43: =IF(F12="Escolha o tipo de obra","",IF(F43="","",IF(F43<C44,"FORA DO LIMITE",IF(F43>E44,"FORA DO LIMITE","OK")))) -> OK | S43: 0.0025 | T43: 0.0056 | W43: 0.0081 | X43: 0.0199 | AA43: 0.003 | AB43: 0.0082
B44: Mín: | C44: =IF($F$12=$S$18,S40,IF($F$12=$S$19,W40,IF($F$12=$S$20,AA40,IF($F$12=$S$21,S46,IF($F$12=$S$22,W46,IF($F$12=$S$23,AA46,"")))))) -> 0.0664 | D44: Máx: | E44: =IF($F$12=$S$18,T40,IF($F$12=$S$19,X40,IF($F$12=$S$20,AB40,IF($F$12=$S$21,T46,IF($F$12=$S$22,X46,IF($F$12=$S$23,AB46,"")))))) -> 0.0869 | S44: 0.01 | T44: 0.0197 | W44: 0.0146 | X44: 0.0316 | AA44: 0.0056 | AB44: 0.0089
B45: Impostos: PIS | F45: 0.0065 | G45: =IF(F12="Escolha o tipo de obra","",IF(F45="","",IF(F45<>0.0065,"Em geral deve ser 0,65%","OK"))) -> OK | S45: 0.0101 | T45: 0.0111 | W45: 0.0094 | X45: 0.0133 | AA45: 0.0085 | AB45: 0.0111
B46: Impostos: COFINS | F46: 0.03 | G46: =IF(F12="Escolha o tipo de obra","",IF(F46="","",IF(F46<>0.03,"Em geral deve ser 3,00%","OK"))) -> OK | S46: 0.08 | T46: 0.0951 | W46: 0.0714 | X46: 0.1043 | AA46: 0.035 | AB46: 0.0622
B47: Impostos: ISS (mun.) | F47: 0.04 | G47: =IF(F12="Escolha o tipo de obra","",IF(F47="","",IF(F47>0.05,"FORA DO LIMITE","OK"))) -> OK
B48: Regime de desoneração (3,6%) | F48: =IF(F15="Desonerado",3.6%,0) -> 0 | G48: =IF(F15="Escolha o regime de contribuição","",IF(F15="DESONERADO","OK",IF(F15="ONERADO","OK"))) -> OK
B51: Caraguatatuba, 07 de ABRIL de 2026.
P53: Declaramos que será adotado o regime
P54: de tributação da folha de pagamento, para a elaboração do orçamento relativo às obras do presente contrato de repasse, por se tratar da opção mais vantajosa para a administração pública.
J56: ENGº RAFAEL CARVALHO DI FOGGI
J57: MATRÍCULA 29516

Sheet Anexo II D - Mem de Calculo
B3: MEMÓRIA DE CÁLCULO
K4: ANEXO - II D
B5: ='Anexo II A - Planilha Orç'!B6:K6 -> OBJETO: INFRAESTRUTURA URBANA DE REPAVIMENTAÇÃO DA RUA FERNANDO COSTA - BAIRRO SUMARÉ
B6: ='Anexo II A - Planilha Orç'!B7:K7 -> LOCAL: RUA FERNANDO COSTA, SUMARÉ - CARAGUATATUBA/SP
B8: ITEM | C8: DESCRIÇÃO | J8: UN | K8: QTDE
B9: 1.1 | C9: =VLOOKUP(B9,'Anexo II A - Planilha Orç'!B:K,4,FALSE) -> Placa de identificação para obra | J9: =VLOOKUP(B9,'Anexo II A - Planilha Orç'!B:K,5,FALSE) -> M2 | K9: =I14 -> 6.48
C11: Comprimento | D11: x | E11: Largura | F11: x | G11: Qtde | H11: = | I11: Total
C12: 3.6 | D12: x | E12: 1.8 | F12: x | G12: 1 | H12: = | I12: =TRUNC(C12*E12*G12,2) -> 6.48
G14: Total | H14: = | I14: =SUM(I12:I12) -> 6.48
B18: ITEM | C18: DESCRIÇÃO | J18: UN | K18: QTDE
B19: 1.2 | C19: =VLOOKUP(B19,'Anexo II A - Planilha Orç'!B:K,4,FALSE) -> Locação de container tipo escritório com 1 vaso sanitário, 1 lavatório e 1 ponto para chuveiro - área mínima de 13,80 m² | J19: =VLOOKUP(B19,'Anexo II A - Planilha Orç'!B:K,5,FALSE) -> UNMES | K19: =I24 -> 2
C21: Quantidade | D21: x | E21: Mês | F21: = | G21: Total
C22: 1 | D22: x | E22: 2 | F22: = | G22: =TRUNC(C22*E22,2) -> 2
G24: Total | H24: = | I24: =SUM(G22:G22) -> 2
B28: ITEM | C28: DESCRIÇÃO | J28: UN | K28: QTDE
B29: 1.3 | C29: =VLOOKUP(B29,'Anexo II A - Planilha Orç'!B:K,4,FALSE) -> Banheiro químico modelo Standard, com manutenção conforme exigências da CETESB | J29: =VLOOKUP(B29,'Anexo II A - Planilha Orç'!B:K,5,FALSE) -> UNMES | K29: =I34 -> 2
C31: Quantidade | D31: x | E31: Mês | F31: = | G31: Total
C32: 1 | D32: x | E32: 2 | F32: = | G32: =TRUNC(C32*E32,2) -> 2
G34: Total | H34: = | I34: =SUM(G32:G32) -> 2
B38: ITEM | C38: DESCRIÇÃO | J38: UN | K38: QTDE
B39: 2.1 | C39: =VLOOKUP(B39,'Anexo II A - Planilha Orç'!B:K,4,FALSE) -> Locação de vias, calçadas, tanques e lagoas | J39: =VLOOKUP(B39,'Anexo II A - Planilha Orç'!B:K,5,FALSE) -> M2 | K39: =I44 -> 1442.48
C41: Área
C42: 1442.48
G44: Total | H44: = | I44: =C42 -> 1442.48
B48: ITEM | C48: DESCRIÇÃO | J48: UN | K48: QTDE
B49: 3.1 | C49: =VLOOKUP(B49,'Anexo II A - Planilha Orç'!B:K,4,FALSE) -> Desmonte (levantamento) mecanizado de pavimento em paralelepípedo ou lajota de concreto, inclusive acomodação do material | J49: =VLOOKUP(B49,'Anexo II A - Planilha Orç'!B:K,5,FALSE) -> M2 | K49: =I54 -> 1442.48
C51: Área
C52: 1442.48
G54: Total | H54: = | I54: =C52 -> 1442.48
B58: ITEM | C58: DESCRIÇÃO | J58: UN | K58: QTDE
B59: 3.2 | C59: =VLOOKUP(B59,'Anexo II A - Planilha Orç'!B:K,4,FALSE) -> CARGA, MANOBRA E DESCARGA DE SOLOS E MATERIAIS GRANULARES EM CAMINHÃO BASCULANTE 10 M³ - CARGA COM PÁ CARREGADEIRA (CAÇAMBA DE 1,7 A 2,8 M³ / 128 HP) E DESCARGA LIVRE (UNIDADE: M3). AF_07/2020 | J59: =VLOOKUP(B59,'Anexo II A - Planilha Orç'!B:K,5,FALSE) -> M3 | K59: =I67 -> 153.68
C61: Área | D61: x | E61: Espessura | F61: x | G61: Empolamento | H61: = | I61: Total
C62: =C52 -> 1442.48 | D62: x | E62: 0.08 | F62: x | G62: 1.3 | H62: = | I62: =TRUNC(C62*E62*G62,2) -> 150.01 | J62: Intertravado
C63: 10.87 | D63: x | E63: 0.15 | F63: x | G63: 1.5 | H63: = | I63: =TRUNC(C63*E63*G63,2) -> 2.44 | J63: Sarjeta
C64: =C85*0.15 -> 0.75 | D64: x | E64: 0.3 | F64: x | G64: 1.5 | H64: = | I64: =TRUNC(C64*E64*G64,2) -> 0.33 | J64: Guia
C65: 12 | D65: x | E65: 0.05 | F65: x | G65: 1.5 | H65: = | I65: =TRUNC(C65*E65*G65,2) -> 0.9 | J65: Calçada
G67: Total | H67: = | I67: =SUM(I62:I65) -> 153.68
B71: ITEM | C71: DESCRIÇÃO | J71: UN | K71: QTDE
B72: 3.3 | C72: =VLOOKUP(B72,'Anexo II A - Planilha Orç'!B:K,4,FALSE) -> TRANSPORTE COM CAMINHÃO BASCULANTE DE 14 M³, EM VIA URBANA PAVIMENTADA, DMT ATÉ 30 KM (UNIDADE: M3XKM). AF_07/2020 | J72: =VLOOKUP(B72,'Anexo II A - Planilha Orç'!B:K,5,FALSE) -> M3XKM | K72: =I77 -> 922.08
C74: Volume empolado | D74: x | E74: Distancia Média (Km) | F74: = | G74: Total
C75: =I67 -> 153.68 | D75: x | E75: 6 | F75: = | G75: =TRUNC(C75*E75,2) -> 922.08
G77: Total | H77: = | I77: =SUM(G75:G75) -> 922.08
B81: ITEM | C81: DESCRIÇÃO | J81: UN | K81: QTDE
B82: 3.4 | C82: =VLOOKUP(B82,'Anexo II A - Planilha Orç'!B:K,4,FALSE) -> DEMOLIÇÃO DE GUIAS, SARJETAS OU SARJETÕES, DE FORMA MECANIZADA, SEM REAPROVEITAMENTO. AF_09/2023 | J82: =VLOOKUP(B82,'Anexo II A - Planilha Orç'!B:K,5,FALSE) -> M | K82: =I88 -> 41
C84: Comprimento
C85: 5 | D85: Guia
C86: 36 | D86: Sarjeta
G88: Total | H88: = | I88: =SUM(C85:C86) -> 41
B92: ITEM | C92: DESCRIÇÃO | J92: UN | K92: QTDE
B93: 3.5 | C93: =VLOOKUP(B93,'Anexo II A - Planilha Orç'!B:K,4,FALSE) -> DEMOLIÇÃO DE PISO DE CONCRETO SIMPLES, DE FORMA MECANIZADA COM MARTELETE, SEM REAPROVEITAMENTO. AF_09/2023 | J93: =VLOOKUP(B93,'Anexo II A - Planilha Orç'!B:K,5,FALSE) -> M3 | K93: =I100 -> 0.59
C95: Comprimento | D95: x | E95: Largura | F95: x | G95: Espessura | H95: = | I95: Total
C96: =1.8*2 -> 3.6 | D96: x | E96: 2.1 | F96: x | G96: 0.05 | H96: = | I96: =TRUNC(C96*E96*G96,2) -> 0.37 | J96: Rampas fernando
C97: 1.2 | D97: x | E97: 2.1 | F97: x | G97: 0.05 | H97: = | I97: =TRUNC(C97*E97*G97,2) -> 0.12 | J97: Patamar rampa
C98: 1.8 | D98: x | E98: 1.2 | F98: x | G98: 0.05 | H98: = | I98: =TRUNC(C98*E98*G98,2) -> 0.1 | J98: Rampa rodovia
G100: Total | H100: = | I100: =SUM(I96:I98) -> 0.59
B104: ITEM | C104: DESCRIÇÃO | J104: UN | K104: QTDE
B105: 4.1 | C105: =VLOOKUP(B105,'Anexo II A - Planilha Orç'!B:K,4,FALSE) -> ASSENTAMENTO DE GUIA (MEIO-FIO) EM TRECHO RETO, CONFECCIONADA EM CONCRETO PRÉ-FABRICADO, DIMENSÕES 100X15X13X30 CM (COMPRIMENTO X BASE INFERIOR X BASE SUPERIOR X ALTURA). AF_01/2024 | J105: =VLOOKUP(B105,'Anexo II A - Planilha Orç'!B:K,5,FALSE) -> M | K105: =I110 -> 50
C107: Comprimento
C108: 50
G110: Total | H110: = | I110: =C108 -> 50
B114: ITEM | C114: DESCRIÇÃO | J114: UN | K114: QTDE
B115: 4.2 | C115: =VLOOKUP(B115,'Anexo II A - Planilha Orç'!B:K,4,FALSE) -> ASSENTAMENTO DE GUIA (MEIO-FIO) EM TRECHO CURVO, CONFECCIONADA EM CONCRETO PRÉ-FABRICADO, DIMENSÕES 100X15X13X30 CM (COMPRIMENTO X BASE INFERIOR X BASE SUPERIOR X ALTURA). AF_01/2024 | J115: =VLOOKUP(B115,'Anexo II A - Planilha Orç'!B:K,5,FALSE) -> M | K115: =I119 -> 44.12
C117: Comprimento
C118: =10.46+8.82+10.76+14.08 -> 44.12
G119: Total | H119: = | I119: =C118 -> 44.12
B123: ITEM | C123: DESCRIÇÃO | J123: UN | K123: QTDE
B124: 4.3 | C124: =VLOOKUP(B124,'Anexo II A - Planilha Orç'!B:K,4,FALSE) -> Sarjeta ou sarjetão moldado no local, tipo PMSP em concreto com fck 25 MPa | J124: =VLOOKUP(B124,'Anexo II A - Planilha Orç'!B:K,5,FALSE) -> M3 | K124: =I129 -> 18.84
C126: Volume
C127: 18.84
G129: Total | H129: = | I129: =C127 -> 18.84
B133: ITEM | C133: DESCRIÇÃO | J133: UN | K133: QTDE
B134: 4.4 | C134: =VLOOKUP(B134,'Anexo II A - Planilha Orç'!B:K,4,FALSE) -> Abertura e preparo de caixa até 40 cm, compactação do subleito mínimo de 95% do PN e transporte até o raio de 1 km | J134: =VLOOKUP(B134,'Anexo II A - Planilha Orç'!B:K,5,FALSE) -> M2 | K134: =I139 -> 1568.25
C136: Área
C137: 1568.25
G139: Total | H139: = | I139: =C137 -> 1568.25
B143: ITEM | C143: DESCRIÇÃO | J143: UN | K143: QTDE
B144: 4.5 | C144: =VLOOKUP(B144,'Anexo II A - Planilha Orç'!B:K,4,FALSE) -> ESCAVAÇÃO VERTICAL PARA INFRAESTRUTURA, COM CARGA, DESCARGA E TRANSPORTE DE SOLO DE 1ª CATEGORIA, COM ESCAVADEIRA HIDRÁULICA (CAÇAMBA: 0,8 M³ / 111 HP), FROTA DE 3 CAMINHÕES BASCULANTES DE 14 M³, DMT ATÉ 1 KM E VELOCIDADE MÉDIA14 KM/H. AF_05/2020 | J144: =VLOOKUP(B144,'Anexo II A - Planilha Orç'!B:K,5,FALSE) -> M3 | K144: =I149 -> 392.06
C146: Área | D146: x | E146: Espessura | F146: = | G146: Total
C147: 1568.25 | D147: x | E147: =0.65-0.4 -> 0.25 | G147: =TRUNC(C147*E147,2) -> 392.06 | H147: Abertura de caixa excedente
G149: Total | H149: = | I149: =G147 -> 392.06
B153: ITEM | C153: DESCRIÇÃO | J153: UN | K153: QTDE
B154: 4.6 | C154: =VLOOKUP(B154,'Anexo II A - Planilha Orç'!B:K,4,FALSE) -> Compactação do subleito mínimo de 95% do PN | J154: =VLOOKUP(B154,'Anexo II A - Planilha Orç'!B:K,5,FALSE) -> M3 | K154: =I159 -> 784.12
C156: Área | D156: x | E156: Espessura | F156: = | G156: Total
C157: 1568.25 | D157: x | E157: 0.5 | G157: =TRUNC(C157*E157,2) -> 784.12
G159: Total | H159: = | I159: =G157 -> 784.12
B163: ITEM | C163: DESCRIÇÃO | J163: UN | K163: QTDE
B164: 4.7 | C164: =VLOOKUP(B164,'Anexo II A - Planilha Orç'!B:K,4,FALSE) -> CONSTRUÇÃO DE BASE E SUB-BASE PARA PAVIMENTAÇÃO DE RACHÃO, COM ESPESSURA DE 40 CM - EXCLUSIVE CARGA E TRANSPORTE. AF_09/2024 | J164: =VLOOKUP(B164,'Anexo II A - Planilha Orç'!B:K,5,FALSE) -> M3 | K164: =I169 -> 627.3
C166: Área | D166: x | E166: Espessura | F166: = | G166: Total
C167: 1568.25 | D167: x | E167: 0.4 | F167: = | G167: =TRUNC(C167*E167,2) -> 627.3
G169: Total | H169: = | I169: =SUM(G167:G167) -> 627.3
B173: ITEM | C173: DESCRIÇÃO | J173: UN | K173: QTDE
B174: 4.8 | C174: =VLOOKUP(B174,'Anexo II A - Planilha Orç'!B:K,4,FALSE) -> Base de bica corrida | J174: =VLOOKUP(B174,'Anexo II A - Planilha Orç'!B:K,5,FALSE) -> M3 | K174: =I179 -> 235.23
C176: Área | D176: x | E176: Espessura | F176: = | G176: Total
C177: 1568.25 | D177: x | E177: 0.15 | F177: = | G177: =TRUNC(C177*E177,2) -> 235.23
G179: Total | H179: = | I179: =SUM(G177:G177) -> 235.23
B183: ITEM | C183: DESCRIÇÃO | J183: UN | K183: QTDE
B184: 4.9 | C184: =VLOOKUP(B184,'Anexo II A - Planilha Orç'!B:K,4,FALSE) -> Imprimação betuminosa impermeabilizante | J184: =VLOOKUP(B184,'Anexo II A - Planilha Orç'!B:K,5,FALSE) -> M2 | K184: =I189 -> 1442.48
C186: Área
C187: 1442.48
G189: Total | H189: = | I189: =SUM(C187:C187) -> 1442.48
...

Sheet Anexo II G - Cronograma
B2: PREFEITURA MUNICIPAL DA ESTÂNCIA BALNEÁRIA DE CARAGUATATUBA
B3: ESTADO DE SÃO PAULO
V6: ANEXO - II G
B7: CRONOGRAMA FÍSICO-FINANCEIRO
B9: ='Anexo II A - Planilha Orç'!B6:K6 -> OBJETO: INFRAESTRUTURA URBANA DE REPAVIMENTAÇÃO DA RUA FERNANDO COSTA - BAIRRO SUMARÉ
B10: ='Anexo II A - Planilha Orç'!B7:K7 -> LOCAL: RUA FERNANDO COSTA, SUMARÉ - CARAGUATATUBA/SP
C13: DESCRIÇÃO | D13: 2026 | L13: PERÍODO EM MESES | V13: VALOR COM BDI
D14: 1 | E14: 2 | F14: 3 | G14: 4 | H14: 5 | I14: 6 | J14: 7 | K14: 8 | L14: 9 | M14: 10 | N14: 11 | O14: 12 | P14: 13 | Q14: 14 | R14: 15 | S14: 16 | T14: 17 | U14: 18 | V14: ='[1]PLANILHA ORÇAMENTARIA'!C35 -> 0.2332
B15: 1.0 | C15: =IFERROR(VLOOKUP(B15,'Anexo II A - Planilha Orç'!B:K,4,FALSE),"") -> CANTEIRO DE OBRAS | D15: =IFERROR($V15*D16,0) -> 10515.99 | E15: =IFERROR($V15*E16,0) -> 3505.33 | F15: =IFERROR($V15*F16,0) -> 0 | G15: =IFERROR($V15*G16,0) -> 0 | H15: =IFERROR($V15*H16,0) -> 0 | I15: =IFERROR($V15*I16,0) -> 0 | J15: =IFERROR($V15*J16,0) -> 0 | K15: =IFERROR($V15*K16,0) -> 0 | ... U15: =IFERROR($V15*U16,0) -> 0 | V15: =IFERROR(VLOOKUP(B15,'Anexo II A - Planilha Orç'!B:K,9,FALSE),0) -> 14021.32
D16: 0.75 | E16: 0.25 | W16: =SUM(D16:U16) -> 1
B17: 2.0 | C17: =IFERROR(VLOOKUP(B17,'Anexo II A - Planilha Orç'!B:K,4,FALSE),"") -> SERVIÇOS PRELIMINARES | D17: =IFERROR($V17*D18,0) -> 3260 | E17: =IFERROR($V17*E18,0) -> 0 | F17: =IFERROR($V17*F18,0) -> 0 | G17: =IFERROR($V17*G18,0) -> 0 | H17: =IFERROR($V17*H18,0) -> 0 | I17: =IFERROR($V17*I18,0) -> 0 | J17: =IFERROR($V17*J18,0) -> 0 | K17: =IFERROR($V17*K18,0) -> 0 | ... U17: =IFERROR($V17*U18,0) -> 0 | V17: =IFERROR(VLOOKUP(B17,'Anexo II A - Planilha Orç'!B:K,9,FALSE),0) -> 3260
D18: 1 | W18: =SUM(D18:U18) -> 1
B19: 3.0 | C19: =IFERROR(VLOOKUP(B19,'Anexo II A - Planilha Orç'!B:K,4,FALSE),"") -> DEMOLIÇÕES | D19: =IFERROR($V19*D20,0) -> 28293.65 | E19: =IFERROR($V19*E20,0) -> 0 | F19: =IFERROR($V19*F20,0) -> 0 | G19: =IFERROR($V19*G20,0) -> 0 | H19: =IFERROR($V19*H20,0) -> 0 | I19: =IFERROR($V19*I20,0) -> 0 | J19: =IFERROR($V19*J20,0) -> 0 | K19: =IFERROR($V19*K20,0) -> 0 | ... U19: =IFERROR($V19*U20,0) -> 0 | V19: =IFERROR(VLOOKUP(B19,'Anexo II A - Planilha Orç'!B:K,9,FALSE),0) -> 28293.65
D20: 1 | W20: =SUM(D20:U20) -> 1
B21: 4.0 | C21: =IFERROR(VLOOKUP(B21,'Anexo II A - Planilha Orç'!B:K,4,FALSE),"") -> PAVIMENTAÇÃO | D21: =IFERROR($V21*D22,0) -> 175139.89 | E21: =IFERROR($V21*E22,0) -> 408659.74 | F21: =IFERROR($V21*F22,0) -> 0 | G21: =IFERROR($V21*G22,0) -> 0 | H21: =IFERROR($V21*H22,0) -> 0 | I21: =IFERROR($V21*I22,0) -> 0 | J21: =IFERROR($V21*J22,0) -> 0 | K21: =IFERROR($V21*K22,0) -> 0 | ... U21: =IFERROR($V21*U22,0) -> 0 | V21: =IFERROR(VLOOKUP(B21,'Anexo II A - Planilha Orç'!B:K,9,FALSE),0) -> 583799.63
D22: 0.3 | E22: 0.7 | W22: =SUM(D22:U22) -> 1
B23: 5.0 | C23: =IFERROR(VLOOKUP(B23,'Anexo II A - Planilha Orç'!B:K,4,FALSE),"") -> SINALIZAÇÃO VIÁRIA | D23: =IFERROR($V23*D24,0) -> 0 | E23: =IFERROR($V23*E24,0) -> 2824.12 | F23: =IFERROR($V23*F24,0) -> 0 | G23: =IFERROR($V23*G24,0) -> 0 | H23: =IFERROR($V23*H24,0) -> 0 | I23: =IFERROR($V23*I24,0) -> 0 | J23: =IFERROR($V23*J24,0) -> 0 | K23: =IFERROR($V23*K24,0) -> 0 | ... U23: =IFERROR($V23*U24,0) -> 0 | V23: =IFERROR(VLOOKUP(B23,'Anexo II A - Planilha Orç'!B:K,9,FALSE),0) -> 2824.12
E24: 1 | W24: =SUM(D24:U24) -> 1
B25: 6.0 | C25: =IFERROR(VLOOKUP(B25,'Anexo II A - Planilha Orç'!B:K,4,FALSE),"") -> ACESSIBILIDADE | D25: =IFERROR($V25*D26,0) -> 0 | E25: =IFERROR($V25*E26,0) -> 1944.66 | F25: =IFERROR($V25*F26,0) -> 0 | G25: =IFERROR($V25*G26,0) -> 0 | H25: =IFERROR($V25*H26,0) -> 0 | I25: =IFERROR($V25*I26,0) -> 0 | J25: =IFERROR($V25*J26,0) -> 0 | K25: =IFERROR($V25*K26,0) -> 0 | ... U25: =IFERROR($V25*U26,0) -> 0 | V25: =IFERROR(VLOOKUP(B25,'Anexo II A - Planilha Orç'!B:K,9,FALSE),0) -> 1944.66
E26: 1 | W26: =SUM(D26:U26) -> 1
B27: 7.0 | C27: =IFERROR(VLOOKUP(B27,'Anexo II A - Planilha Orç'!B:K,4,FALSE),"") -> SERVIÇOS PAGOS EXCLUSIVAMENTE COM RECURSOS DA PREFEITURA | D27: =IFERROR($V27*D28,0) -> 0 | E27: =IFERROR($V27*E28,0) -> 30375.64 | F27: =IFERROR($V27*F28,0) -> 0 | G27: =IFERROR($V27*G28,0) -> 0 | H27: =IFERROR($V27*H28,0) -> 0 | I27: =IFERROR($V27*I28,0) -> 0 | J27: =IFERROR($V27*J28,0) -> 0 | K27: =IFERROR($V27*K28,0) -> 0 | ... U27: =IFERROR($V27*U28,0) -> 0 | V27: =IFERROR(VLOOKUP(B27,'Anexo II A - Planilha Orç'!B:K,9,FALSE),0) -> 30375.64
E28: 1 | W28: =SUM(D28:U28) -> 1
B29: SUBTOTAIS | D29: =D15+D17+D19+D21+D23+D25+D27 -> 217209.53 | E29: =SUM(E15+E17+E19+E21+E23+E25+E27) -> 447309.49 | F29: =SUM(F15+F17+F19+F21+F23+F25+#REF!+#REF!+#REF!+#REF!+#REF!+#REF!+#REF!+#REF!+#REF!+#REF!+#REF!+#REF!+#REF!+#REF!+#REF!) -> #REF! | G29: =SUM(G15+G17+G19+G21+G23+G25+#REF!+#REF!+#REF!+#REF!+#REF!+#REF!+#REF!+#REF!+#REF!+#REF!+#REF!+#REF!+#REF!+#REF!+#REF!) -> #REF! | H29: =SUM(H15+H17+H19+H21+H23+H25+#REF!+#REF!+#REF!+#REF!+#REF!+#REF!+#REF!+#REF!+#REF!+#REF!+#REF!+#REF!+#REF!+#REF!+#REF!) -> #REF! | I29: =SUM(I15+I17+I19+I21+I23+I25+#REF!+#REF!+#REF!+#REF!+#REF!+#REF!+#REF!+#REF!+#REF!+#REF!+#REF!+#REF!+#REF!+#REF!+#REF!) -> #REF! | J29: =SUM(J15+J17+J19+J21+J23+J25+#REF!+#REF!+#REF!+#REF!+#REF!+#REF!+#REF!+#REF!+#REF!+#REF!+#REF!+#REF!+#REF!+#REF!+#REF!) -> #REF! | K29: =SUM(K15+K17+K19+K21+K23+K25+#REF!+#REF!+#REF!+#REF!+#REF!+#REF!+#REF!+#REF!+#REF!+#REF!+#REF!+#REF!+#REF!+#REF!+#REF!) -> #REF! | L29: =SUM(L15+L17+L19+L21+L23+L25+#REF!+#REF!+#REF!+#REF!+#REF!+#REF!+#REF!+#REF!+#REF!+#REF!+#REF!+#REF!+#REF!+#REF!+#REF!) -> #REF! | M29: =SUM(M15+M17+M19+M21+M23+M25+#REF!+#REF!+#REF!+#REF!+#REF!+#REF!+#REF!+#REF!+#REF!+#REF!+#REF!+#REF!+#REF!+#REF!+#REF!) -> #REF! | ... U29: =SUM(U15+U17+U19+U21+U23+U25+#REF!+#REF!+#REF!+#REF!+#REF!+#REF!+#REF!+#REF!+#REF!+#REF!+#REF!+#REF!+#REF!+#REF!+#REF!) -> #REF! | V29: =TRUNC(V15+V17+V19+V21+V23+V25+V27,2) -> 664519.02
B31: TOTAL DO PERIODO | D31: =SUM(D29:E29) -> 664519.02 | V31: =SUM(D31:I31) -> 664519.02
B32: RECURSO CONVÊNIO | D32: 500000 | V32: =SUM(D32:I32) -> 500000
B33: RECURSO PREFEITURA | D33: =D31-D32 -> 164519.02 | V33: =SUM(D33:I33) -> 164519.02
B39: ENGº RAFAEL CARVALHO DI FOGGI
B40: MATRÍCULA 29516

Sheet Dados
B2: Código da Composição | C2: Fonte | D2: Descrição | E2: Unidade | F2: Com Desoneração | G2: Sem Desoneração
B3: 104658 | C3: SINAPI 09/25 | D3: PISO PODOTÁTIL DE ALERTA OU DIRECIONAL, DE CONCRETO, ASSENTADO SOBRE ARGAMASSA. AF_03/2024 | E3: M2 | F3: 188.65 | G3: 193.42
B4: 105002 | C4: SINAPI 09/25 | D4: RAMPA DE ACESSIBILIDADE EM CONCRETO MOLDADO IN LOCO, EM CALÇADA NOVA COM LARGURA MAIOR OU IGUAL À 3,00 M, FCK 25MPA, COM PISO PODOTÁTIL. AF_03/2024 | E4: UN | F4: 748.75 | G4: 784.2
B5: 105004 | C5: SINAPI 09/25 | D5: RAMPA DE ACESSIBILIDADE EM CONCRETO MOLDADO IN LOCO, EM CALÇADA NOVA COM LARGURA MENOR À 3,00 M, FCK 25MPA, COM PISO PODOTÁTIL. AF_03/2024 | E5: M2 | F5: 126.72 | G5: 132.86
B6: 105003 | C6: SINAPI 09/25 | D6: RAMPA DE ACESSIBILIDADE EM CONCRETO MOLDADO IN LOCO, EM CALÇADA PRÉ EXISTENTE COM LARGURA MAIOR OU IGUAL À 3,00 M, FCK 25MPA, COM PISO PODOTÁTIL. AF_03/2024 | E6: UN | F6: 1277 | G6: 1349.07
B7: 105005 | C7: SINAPI 09/25 | D7: RAMPA DE ACESSIBILIDADE EM CONCRETO MOLDADO IN LOCO, EM CALÇADA PRÉ EXISTENTE COM LARGURA MENOR À 3,00 M, FCK 25MPA, COM PISO PODOTÁTIL. AF_03/2024 | E7: M2 | F7: 224.54 | G7: 237.47
B8: 105006 | C8: SINAPI 09/25 | D8: RAMPA DE ACESSIBILIDADE EM CONCRETO PRÉ MOLDADO, EM CALÇADA NOVA COM LARGURA MAIOR OU IGUAL À 3,00 M, FCK 25MPA, COM PISO PODOTÁTIL. AF_03/2024 | E8: UN | F8: 0 | G8: 0
B9: 104999 | C9: SINAPI 09/25 | D9: RAMPA DE ACESSIBILIDADE EM CONCRETO PRÉ MOLDADO, EM CALÇADA PRÉ EXISTENTE COM LARGURA MAIOR OU IGUAL À 3,00 M, FCK 25MPA, COM PISO PODOTÁTIL. AF_03/2024 | E9: UN | F9: 0 | G9: 0
B10: 105000 | C10: SINAPI 09/25 | D10: RAMPA DE ACESSIBILIDADE PARA ACESSO A EDIFICAÇÕES COM INCLINAÇÃO DE 8,33% EM CONCRETO MOLDADO IN LOCO, COM LARGURA DE 1,20M, FCK 25MPA, NÃO ARMADA, COM JUNTA A CADA 2M COM CORTE À SECO. AF_03/2024 | E10: M | F10: 1492.76 | G10: 1551.73
B11: 105001 | C11: SINAPI 09/25 | D11: RAMPA DE ACESSIBILIDADE PARA ACESSO A EDIFICAÇÕES COM INCLINAÇÃO DE 8,33% EM CONCRETO MOLDADO IN LOCO, COM LARGURA DE 1,50M, FCK 25MPA, NÃO ARMADA, COM JUNTA A CADA 2M COM CORTE À SECO. AF_03/2024 | E11: M | F11: 1522.75 | G11: 1582.29
B12: 89306 | C12: SINAPI 09/25 | D12: ALVENARIA ESTRUTURAL DE BLOCOS CERÂMICOS 14X19X29, (ESPESSURA DE 14 CM), UTILIZANDO COLHER DE PEDREIRO E ARGAMASSA DE ASSENTAMENTO COM PREPARO EM BETONEIRA. AF_03/2023 | E12: M2 | F12: 103.04 | G12: 108.09
B13: 89307 | C13: SINAPI 09/25 | D13: ALVENARIA ESTRUTURAL DE BLOCOS CERÂMICOS 14X19X29, (ESPESSURA DE 14 CM), UTILIZANDO COLHER DE PEDREIRO E ARGAMASSA DE ASSENTAMENTO COM PREPARO MANUAL. AF_03/2023 | E13: M2 | F13: 105.98 | G13: 111.25
B14: 89290 | C14: SINAPI 09/25 | D14: ALVENARIA ESTRUTURAL DE BLOCOS CERÂMICOS 14X19X29, (ESPESSURA DE 14 CM), UTILIZANDO PALHETA E ARGAMASSA DE ASSENTAMENTO COM PREPARO EM BETONEIRA. AF_03/2023 | E14: M2 | F14: 84.39 | G14: 88.01
... B9785: 103548 | C9785: SINAPI 09/25 | D9785: VÁLVULA REDUTORA DE PRESSÃO DE FERRO FUNDIDO PARA REDE DE ÁGUA, DN 80 MM, JUNTA FLANGEADA. AF_12/2021 | E9785: UN | F9785: 0 | G9785: 0
B9787: 01 | C9787: CDHU 199 | D9787: SERVICO TECNICO ESPECIALIZADO
B9788: 01.02 | C9788: CDHU 199 | D9788: Parecer técnico
B9789: 01.02.071 | C9789: CDHU 199 | D9789: Parecer técnico de fundações, contenções e recomendações gerais, para empreendimentos com área construída até 1.000 m² | E9789: UN | F9789: 6483.99 | G9789: 7204.93
B9790: 01.02.081 | C9790: CDHU 199 | D9790: Parecer técnico de fundações, contenções e recomendações gerais, para empreendimentos com área construída de 1.001 a 2.000 m² | E9790: UN | F9790: 8622.44 | G9790: 9581.15
B9791: 01.02.091 | C9791: CDHU 199 | D9791: Parecer técnico de fundações, contenções e recomendações gerais, para empreendimentos com área construída de 2.001 a 5.000 m² | E9791: UN | F9791: 14729.05 | G9791: 16366.75
B9792: 01.02.101 | C9792: CDHU 199 | D9792: Parecer técnico de fundações, contenções e recomendações gerais, para empreendimentos com área construída de 5.001 a 10.000 m² | E9792: UN | F9792: 20195.27 | G9792: 22440.73
B9793: 01.02.111 | C9793: CDHU 199 | D9793: Parecer técnico de fundações, contenções e recomendações gerais, para empreendimentos com área construída acima de 10.000 m² | E9793: UN | F9793: 23534.46 | G9793: 26151.21
B9794: 01.06 | C9794: CDHU 199 | D9794: Projeto de instalações elétricas
B9795: 01.06.021 | C9795: CDHU 199 | D9795: Elaboração de projeto de adequação de entrada de energia elétrica junto a concessionária, com medição em baixa tensão e demanda até 75 kVA | E9795: UN | F9795: 8281.6 | G9795: 9202.36
B9796: 01.06.031 | C9796: CDHU 199 | D9796: Elaboração de projeto de adequação de entrada de energia elétrica junto a concessionária, com medição em média tensão, subestação simplificada e demanda de 75 kVA a 300 kVA | E9796: UN | F9796: 14027.58 | G9796: 15587.22
B9797: 01.06.032 | C9797: CDHU 199 | D9797: Elaboração de projeto de adequação de entrada de energia elétrica junto a concessionária, com medição em média tensão e demanda de 75 kVA a 300 kVA | E9797: UN | F9797: 18981.8 | G9797: 21092.24
B9798: 01.06.041 | C9798: CDHU 199 | D9798: Elaboração de projeto de adequação de entrada de energia elétrica junto a concessionária, com medição em média tensão e demanda acima de 300 kVA a 2 MVA | E9798: UN | F9798: 25247.9 | G9798: 28055
B9799: 01.17 | C9799: CDHU 199 | D9799: Projeto executivo
B9800: 01.17.031 | C9800: CDHU 199 | D9800: Projeto executivo de arquitetura em formato A1 | E9800: UN | F9800: 3262 | G9800: 3624.6
B9801: 01.17.041 | C9801: CDHU 199 | D9801: Projeto executivo de arquitetura em formato A0 | E9801: UN | F9801: 4409.93 | G9801: 4900.14
B9802: 01.17.051 | C9802: CDHU 199 | D9802: Projeto executivo de estrutura em formato A1 | E9802: UN | F9802: 2392.32 | G9802: 2658.26
B9803: 01.17.061 | C9803: CDHU 199 | D9803: Projeto executivo de estrutura em formato A0 | E9803: UN | F9803: 3273.17 | G9803: 3637.02
B9804: 01.17.071 | C9804: CDHU 199 | D9804: Projeto executivo de instalações hidráulicas em formato A1 | E9804: UN | F9804: 1027.03 | G9804: 1141.18
B9805: 01.17.081 | C9805: CDHU 199 | D9805: Projeto executivo de instalações hidráulicas em formato A0 | E9805: UN | F9805: 1367.12 | G9805: 1519.09
B9806: 01.17.111 | C9806: CDHU 199 | D9806: Projeto executivo de instalações elétricas em formato A1 | E9806: UN | F9806: 1140.48 | G9806: 1267.26
B9807: 01.17.121 | C9807: CDHU 199 | D9807: Projeto executivo de instalações elétricas em formato A0 | E9807: UN | F9807: 1581.35 | G9807: 1757.15
B9808: 01.17.151 | C9808: CDHU 199 | D9808: Projeto executivo de climatização em formato A1 | E9808: UN | F9808: 2195.21 | G9808: 2439.23
B9809: 01.17.161 | C9809: CDHU 199 | D9809: Projeto executivo de climatização em formato A0 | E9809: UN | F9809: 2992.33 | G9809: 3324.97
B9810: 01.17.171 | C9810: CDHU 199 | D9810: Projeto executivo de chuveiros automáticos em formato A1 | E9810: UN | F9810: 1895.21 | G9810: 2105.98
B9811: 01.17.181 | C9811: CDHU 199 | D9811: Projeto executivo de chuveiros automáticos em formato A0 | E9811: UN | F9811: 2449.64 | G9811: 2722.06
B9812: 01.20 | C9812: CDHU 199 | D9812: Levantamento topográfico e geofísico
B9813: 01.20.010 | C9813: CDHU 199 | D9813: Taxa de mobilização e desmobilização de equipamentos para execução de levantamento topográfico | E9813: TX | F9813: 1143.79 | G9813: 1143.79
B9814: 01.20.280 | C9814: CDHU 199 | D9814: Levantamento planimétrico de área pavimentada para veículo e pedestre | E9814: M2 | F9814: 0.22 | G9814: 0.24
B9815: 01.20.691 | C9815: CDHU 199 | D9815: Levantamento planimétrico cadastral com áreas ocupadas predominantemente por comunidades - área até 20.000 m² (mínimo de 3.500 m²) | E9815: M2 | F9815: 0.97 | G9815: 1.03
B9816: 01.20.701 | C9816: CDHU 199 | D9816: Levantamento planimétrico cadastral com áreas ocupadas predominantemente por comunidades - área acima de 20.000 m² até 200.000 m² | E9816: M2 | F9816: 0.76 | G9816: 0.8
B9817: 01.20.711 | C9817: CDHU 199 | D9817: Levantamento planimétrico cadastral com áreas ocupadas predominantemente por comunidades - área acima de 200.000 m² | E9817: M2 | F9817: 0.63 | G9817: 0.65
B9818: 01.20.721 | C9818: CDHU 199 | D9818: Levantamento planimétrico cadastral com áreas até 50% de ocupação - área até 20.000 m² (mínimo de 3.500 m²) | E9818: M2 | F9818: 0.85 | G9818: 0.9
B9819: 01.20.731 | C9819: CDHU 199 | D9819: Levantamento planimétrico cadastral com áreas até 50% de ocupação - área acima de 20.000 m² até 200.000 m² | E9819: M2 | F9819: 0.69 | G9819: 0.75
B9820: 01.20.741 | C9820: CDHU 199 | D9820: Levantamento planimétrico cadastral com áreas até 50% de ocupação - área acima de 200.000 m² | E9820: M2 | F9820: 0.52 | G9820: 0.56
B9821: 01.20.751 | C9821: CDHU 199 | D9821: Levantamento planimétrico cadastral com áreas acima de 50% de ocupação - área até 20.000 m² (mínimo de 4.000 m²) | E9821: M2 | F9821: 0.76 | G9821: 0.8
B9822: 01.20.761 | C9822: CDHU 199 | D9822: Levantamento planimétrico cadastral com áreas acima de 50% de ocupação - área acima de 20.000 m² até 200.000 m² | E9822: M2 | F9822: 0.64 | G9822: 0.69
B9823: 01.20.771 | C9823: CDHU 199 | D9823: Levantamento planimétrico cadastral com áreas acima de 50% de ocupação - área acima de 200.000 m² | E9823: M2 | F9823: 0.63 | G9823: 0.66
B9824: 01.20.781 | C9824: CDHU 199 | D9824: Levantamento planialtimétrico cadastral com áreas ocupadas predominantemente por comunidades - área até 20.000 m² (mínimo de 3.500 m²) | E9824: M2 | F9824: 1.02 | G9824: 1.09
... B9838: 01.20.921 | C9838: CDHU 199 | D9838: Implantação de marcos através de levantamento com GPS (mínimo de 3 marcos) | E9838: UN | F9838: 1209.27 | G9838: 1260.72
B9839: 01.21 | C9839: CDHU 199 | D9839: Estudo geotecnico (sondagem)
B9840: 01.21.010 | C9840: CDHU 199 | D9840: Taxa de mobilização e desmobilização de equipamentos para execução de sondagem | E9840: TX | F9840: 1316.69 | G9840: 1316.69
B9841: 01.21.090 | C9841: CDHU 199 | D9841: Taxa de mobilização e desmobilização de equipamentos para execução de sondagem rotativa | E9841: TX | F9841: 6913.83 | G9841: 6913.83
B9842: 01.21.100 | C9842: CDHU 199 | D9842: Sondagem do terreno a trado | E9842: M | F9842: 103 | G9842: 103
B9843: 01.21.110 | C9843: CDHU 199 | D9843: Sondagem do terreno à percussão (mínimo de 30 m) | E9843: M | F9843: 81.73 | G9843: 81.73
B9844: 01.21.120 | C9844: CDHU 199 | D9844: Sondagem do terreno rotativa em solo | E9844: M | F9844: 402.01 | G9844: 402.01
B9845: 01.21.130 | C9845: CDHU 199 | D9845: Sondagem do terreno rotativa em rocha | E9845: M | F9845: 636.1 | G9845: 636.1
B9846: 01.21.140 | C9846: CDHU 199 | D9846: Sondagem do terreno à percussão com a utilização de torquímetro (mínimo de 30 m) | E9846: M | F9846: 99.77 | G9846: 99.77
B9847: 01.23 | C9847: CDHU 199 | D9847: Tratamento, recuperação e trabalhos especiais em concreto
B9848: 01.23.010 | C9848: CDHU 199 | D9848: Taxa de mobilização e desmobilização de equipamentos para execução de corte em concreto armado | E9848: TX | F9848: 411.99 | G9848: 411.99
B9849: 01.23.020 | C9849: CDHU 199 | D9849: Limpeza de armadura com escova de aço | E9849: M2 | F9849: 9.28 | G9849: 9.96
B9850: 01.23.030 | C9850: CDHU 199 | D9850: Preparo de ponte de aderência com adesivo a base de epóxi | E9850: M2 | F9850: 146.58 | G9850: 151.62
B9851: 01.23.056 | C9851: CDHU 199 | D9851: Tratamento de armadura com produto anticorrosivo a base de zinco | E9851: M2 | F9851: 65.03 | G9851: 69.83
B9852: 01.23.060 | C9852: CDHU 199 | D9852: Corte de concreto deteriorado inclusive remoção dos detritos | E9852: M2 | F9852: 30.66 | G9852: 34.07
B9853: 01.23.070 | C9853: CDHU 199 | D9853: Demarcação de área com disco de corte diamantado | E9853: M | F9853: 5.6 | G9853: 6.1
B9854: 01.23.100 | C9854: CDHU 199 | D9854: Demolição de concreto armado com preservação de armadura, para reforço e recuperação estrutural | E9854: M3 | F9854: 462.76 | G9854: 514.15
B9855: 01.23.140 | C9855: CDHU 199 | D9855: Furação de 1 1/4´ em concreto armado | E9855: M | F9855: 270.63 | G9855: 270.63
B9856: 01.23.150 | C9856: CDHU 199 | D9856: Furação de 1 1/2´ em concreto armado | E9856: M | F9856: 275.62 | G9856: 275.62
B9857: 01.23.160 | C9857: CDHU 199 | D9857: Furação de 2 1/4´ em concreto armado | E9857: M | F9857: 371.62 | G9857: 371.62
B9858: 01.23.190 | C9858: CDHU 199 | D9858: Furação de 2 1/2´ em concreto armado | E9858: M | F9858: 381.68 | G9858: 381.68
B9859: 01.23.200 | C9859: CDHU 199 | D9859: Taxa de mobilização e desmobilização de equipamentos para execução de perfuração em concreto | E9859: TX | F9859: 241.21 | G9859: 241.21
... B9880: 01.23.702 | C9880: CDHU 199 | D9880: Fibra de carbono para reforço estrutural de alta resistência - 300 g/m² | E9880: M2 | F9880: 480.04 | G9880: 515.09
B9881: 01.27 | C9881: CDHU 199 | D9881: Estudo e programa ambientais
B9882: 01.27.011 | C9882: CDHU 199 | D9882: Projeto e implementação de gerenciamento integrado de resíduos sólidos e gestão de perdas | E9882: UN | F9882: 9390.64 | G9882: 10412.6
B9883: 01.27.021 | C9883: CDHU 199 | D9883: Projeto e implementação de educação ambiental | E9883: UN | F9883: 12511.23 | G9883: 13880.14
B9884: 01.27.031 | C9884: CDHU 199 | D9884: Projeto e implementação de controle ambiental de obra | E9884: UN | F9884: 11093.44 | G9884: 12304.75
B9885: 01.27.041 | C9885: CDHU 199 | D9885: Laudo de caracterização de vegetação | E9885: UN | F9885: 25946.95 | G9885: 28767.68
B9886: 01.27.051 | C9886: CDHU 199 | D9886: Laudo de caracterização da fauna associada à flora | E9886: UN | F9886: 39506.54 | G9886: 43834.86
B9887: 01.27.061 | C9887: CDHU 199 | D9887: Projeto e implementação de monitoramento da fauna durante a obra | E9887: UN | F9887: 16009.82 | G9887: 17725.71
B9888: 01.27.071 | C9888: CDHU 199 | D9888: Laudo de autodepuração | E9888: UN | F9888: 18991.94 | G9888: 21051.41
B9889: 01.27.091 | C9889: CDHU 199 | D9889: Estudo de impacto de vizinhança, em área urbana até 10.000 m² | E9889: UN | F9889: 30286.95 | G9889: 33622.68
B9890: 01.28 | C9890: CDHU 199 | D9890: Poço profundo
B9891: 01.28.010 | C9891: CDHU 199 | D9891: Taxa de mobilização e desmobilização de equipamentos para execução de perfuração para poço profundo - profundidade até 200 m | E9891: TX | F9891: 8405.03 | G9891: 8405.03
B9892: 01.28.020 | C9892: CDHU 199 | D9892: Taxa de mobilização e desmobilização de equipamentos para execução de perfuração para poço profundo - profundidade acima de 200 m e até 300 m | E9892: TX | F9892: 13337.51 | G9892: 13337.51
B9893: 01.28.030 | C9893: CDHU 199 | D9893: Taxa de mobilização e desmobilização de equipamentos para execução de perfuração para poço profundo - profundidade acima de 300 m | E9893: TX | F9893: 13248.37 | G9893: 13248.37
B9894: 01.28.040 | C9894: CDHU 199 | D9894: Perfuração rotativa para poço profundo em camadas de solos sedimentares, diâmetro de 8 1/2" (215,90 mm) | E9894: M | F9894: 708.2 | G9894: 708.2
B9895: 01.28.050 | C9895: CDHU 199 | D9895: Perfuração rotativa para poço profundo em aluvião, arenito, ou solos sedimentados em geral, diâmetro de 10" (250 mm) | E9895: M | F9895: 504.07 | G9895: 504.07
B9896: 01.28.060 | C9896: CDHU 199 | D9896: Perfuração rotativa para poço profundo em aluvião, arenito, ou solos sedimentados em geral, diâmetro de 12" (300 mm) | E9896: M | F9896: 1216.9 | G9896: 1216.9
B9897: 01.28.070 | C9897: CDHU 199 | D9897: Perfuração rotativa para poço profundo em aluvião, arenito, ou solos sedimentados em geral, diâmetro de 14" (350 mm) | E9897: M | F9897: 1282.67 | G9897: 1282.67
B9898: 01.28.080 | C9898: CDHU 199 | D9898: Perfuração rotativa para poço profundo em aluvião, arenito, ou solos sedimentados em geral, diâmetro de 16" (400 mm) | E9898: M | F9898: 1607.18 | G9898: 1607.18
B9899: 01.28.090 | C9899: CDHU 199 | D9899: Perfuração rotativa para poço profundo em aluvião, arenito, ou solos sedimentados em geral, diâmetro de 18" (450 mm) | E9899: M | F9899: 2078.21 | G9899: 2078.21
B9900: 01.28.100 | C9900: CDHU 199 | D9900: Perfuração rotativa para poço profundo em aluvião, arenito, ou solos sedimentados em geral, diâmetro de 20" (500 mm) | E9900: M | F9900: 2439.67 | G9900: 2439.67
B9901: 01.28.110 | C9901: CDHU 199 | D9901: Perfuração rotativa para poço profundo em aluvião, arenito, ou solos sedimentados em geral, diâmetro de 22" (550 mm) | E9901: M | F9901: 2629.6 | G9901: 2629.6
B9902: 01.28.120 | C9902: CDHU 199 | D9902: Perfuração rotativa para poço profundo em aluvião, arenito, ou solos sedimentados em geral, diâmetro de 26" (650 mm) | E9902: M | F9902: 3208.1 | G9902: 3208.1
... B9949: 01.28.620 | C9949: CDHU 199 | D9949: Parecer técnico junto a CETESB | E9949: UN | F9949: 15933.06 | G9949: 15933.06
B9950: 02 | C9950: CDHU 199 | D9950: INICIO, APOIO E ADMINISTRACAO DA OBRA
B9951: 02.01 | C9951: CDHU 199 | D9951: Construção provisória
...
